 Dungeon Crawl Stone Soup version 0.20-a0-1122-gb7cbeb9 (webtiles) character file.

2230 Kriby the Magician (level 9, 0/61 HPs)
             Began as an Octopode Wizard on May 13, 2017.
             Was a Priest of Sif Muna.
             Slain by a wyvern zombie (15 damage)
             ... on level 7 of the Dungeon.
             The game lasted 00:25:25 (11791 turns).

Kriby the Magician (Octopode Wizard)               Turns: 11791, Time: 00:25:26

Health: 0/61       AC:  1    Str:  6    XL:     9   Next: 36%
Magic:  4/28       EV: 13    Int: 24    God:    Sif Muna [***...]
Gold:   255        SH:  0    Dex:  8    Spells: 10/21 levels left

rFire    . . .     SeeInvis +   H - +3 falchion
rCold    . . .     Gourm    .   (no shield)
rNeg     . . .     Faith    .   a - +0 hat
rPois    .         Spirit   .   C - amulet of harm
rElec    .         Reflect  .   B - ring of see invisible
rCorr    .         Harm     +   G - ring of magical power
MR       .....                  (no ring)
Stlth    +++.......             (no ring)
Regen    0.2/turn               (no ring)
MPRegen  0.3/turn               (no ring)
                                (no ring)
                                (no ring)

@: no status effects
A: almost no armour, stealthy swim, amphibious, 8 rings, constrict 8, camouflage
1, blurry vision 1, clumsy 1, wild magic 1, gelatinous body 1
a: Divine Energy, Channel Magic, Renounce Religion


You were on level 7 of the Dungeon.
You worshipped Sif Muna.
Sif Muna was most pleased with you.
You were hungry.

You visited 1 branch of the dungeon, and saw 7 of its levels.
You also visited: Sewer.

You collected 255 gold pieces.

Inventory:

Hand Weapons
 H - a +3 falchion (weapon)
Missiles
 y - 28 sling bullets
Armour
 a - a +0 hat (worn)
Jewellery
 B - a ring of see invisible (left tentacle)
 C - an amulet of harm (around mantle)
 G - a ring of magical power (right tentacle)
Wands
 e - a wand of confusion (30/48)
 E - a wand of random effects (24/48)
Scrolls
 f - a scroll of fog
 g - 2 scrolls of remove curse
 i - a scroll of magic mapping
 l - 2 scrolls of recharging
 m - 6 scrolls of teleportation
 p - 3 scrolls of identify
 s - a scroll of fear {unknown}
 t - 2 scrolls of amnesia {unknown}
 x - 2 scrolls of blinking {unknown}
 z - a scroll of random uselessness {unknown}
Potions
 h - 7 potions of flight
 j - a potion of heal wounds
 k - 2 potions of cancellation {unknown}
 n - 5 potions of curing
 q - a potion of magic {unknown}
 r - a potion of brilliance {unknown}
 u - a potion of agility
 v - 2 potions of degeneration {unknown}
 w - a potion of haste {unknown}
 A - a potion of lignification {unknown}
Books
 b - a book of Minor Magic

   Spells                             Type                      Level
   a - Magic Dart                     Conjuration                  1
   b - Blink                          Translocation                2
   c - Call Imp                       Summoning                    2
   d - Slow                           Hexes                        2
   e - Conjure Flame                  Conjuration/Fire             3
   f - Mephitic Cloud                 Conjuration/Poison/Air       3
 D - a book of Changes

   Spells                             Type                      Level
   a - Beastly Appendage              Transmutation                1
   b - Sticks to Snakes               Transmutation                2
   c - Spider Form                    Transmutation/Poison         3
   d - Ice Form                       Ice/Transmutation            4
   e - Blade Hands                    Transmutation                5
Comestibles
 c - 4 bread rations
 d - 3 meat rations
 o - 4 royal jellies


   Skills:
 - Level 5.3 Fighting
 - Level 2.1 Dodging
 - Level 2.6 Stealth
 * Level 6.7 Spellcasting
 + Level 6.1 Conjurations
 - Level 1.0 Summonings
 - Level 1.0 Translocations
 - Level 2.6 Fire Magic
 - Level 1.0 Air Magic
 - Level 5.5 Poison Magic
 - Level 1.3 Invocations


You had 10 spell levels left.
You knew the following spells:

 Your Spells              Type           Power        Failure   Level  Hunger
a - Magic Dart            Conj           ####         1%          1    None
b - Conjure Flame         Conj/Fire      #####...     6%          3    None
c - Call Imp              Summ           ###.....     12%         2    None
g - Mephitic Cloud        Conj/Pois/Air  #####...     6%          3    None
T - Blink                 Tloc           N/A          12%         2    None


Dungeon Overview and Level Annotations

Branches:
Dungeon (7/15)             Temple (0/1) D:5

Altars:
Cheibriados
Kikubaaqudgha
Nemelex Xobeh
Qazlal
Sif Muna
Uskayaw
Xom
Yredelemnul
Zin


Innate Abilities, Weirdness & Mutations

You cannot wear most types of armour.
You are very stealthy in the water. (Stealth+)
You are amphibious.
You can wear up to eight rings at the same time.
You can use your tentacles to constrict eight enemies at once.
Your skin changes colour to match your surroundings (Stealth+).
Your rubbery body absorbs attacks. (AC +1, EV +1)
Scrolls take you a little longer to read.
You are clumsy. (Dex -2)
Your spells are a little harder to cast, but a little more powerful.


Message History

Aiming: Magic Dart
Press: ? - help, Shift-Dir - straight line, f/p - wyvern zombie
Aim: a wyvern zombie (almost destroyed)
The magic dart hits the wyvern zombie.
The wyvern zombie is almost destroyed.
The wyvern zombie bites you. The orc wizard barely misses you.
The wyvern zombie bites you!
* * * LOW HITPOINT WARNING * * *
Casting: Magic Dart
Confirm with . or Enter, or press ? or * to list all spells.
Aiming: Magic Dart
Press: ? - help, Shift-Dir - straight line, f/p - wyvern zombie
Aim: a wyvern zombie (almost destroyed)
The magic dart hits the wyvern zombie.
The wyvern zombie is almost destroyed.
The orc wizard barely misses you.
You riposte.
You barely miss the orc wizard. You grab the orc wizard.
You squeeze the orc wizard, but do no damage.
The wyvern zombie bites you!
You die...

#...........##
.............##
..............#
..............#
..............#
..............#
......oZ......?
......)@.....#
#.....#.....##
##### ##.......
....... .......
#######


You could see an orc wizard and a wyvern zombie.

Vanquished Creatures
  Grinder (D:5)
  Duvessa (D:4)
  A sky beast (D:5)
  An ice beast (D:5)
  A phantom (D:5)
  An ogre (D:7)
  2 centaurs
  A bullfrog (D:6)
  Dowan (D:4)
  2 scorpions
  2 wights
  A howler monkey (D:4)
  A vampire bat (D:5)
  A crimson imp (D:4)
  A quasit (D:7)
  A jelly (D:6)
  3 orc priests
  Crazy Yiuf (D:5)
  A hound (D:4)
  An iguana (D:5)
  2 merfolk sirens (Sewer)
  6 orc wizards
  7 worker ants
  A merfolk avatar (Sewer)
  A killer bee zombie (D:5)
  2 hound skeletons
  10 adders
  A river rat (Sewer)
  A shadow imp (D:6)
  An ooze (D:3)
  An adder skeleton (D:7)
  3 worms
  3 dart slugs
  4 leopard geckos
  18 orcs
  5 bat skeletons (D:5)
  A bat zombie (D:5)
  14 giant cockroaches
  6 goblins
  10 hobgoblins
  10 jackals
  4 quokkas
  5 ball pythons
  10 bats
  7 frilled lizards
  A jackal zombie (D:7)
  9 kobolds
  25 rats
193 creatures vanquished.

Vanquished Creatures (collateral kills)
  Menkaure (D:4)
  2 worker ants
  An adder (D:4)
  A giant cockroach (D:6)
  3 jackals
  A quokka skeleton (D:4)
9 creatures vanquished.

Grand Total: 202 creatures vanquished

Notes
Turn   | Place    | Note
-------+----------+-------------------------------------------
     0 | D:1      | Kriby the Octopode Wizard began the quest for the Orb.
     0 | D:1      | Reached XP level 1. HP: 11/11 MP: 4/4
   425 | D:1      | Reached XP level 2. HP: 17/17 MP: 3/6
   955 | D:1      | Reached XP level 3. HP: 21/21 MP: 4/7
  1728 | D:2      | Reached XP level 4. HP: 23/27 MP: 0/9
  1733 | D:2      | Learned a level 3 spell: Mephitic Cloud
  1740 | D:2      | Learned a level 2 spell: Blink
  2111 | D:2      | Learned a level 3 spell: Conjure Flame
  2529 | D:3      | Noticed a centaur
  2621 | D:3      | Killed a centaur
  2621 | D:3      | Reached XP level 5. HP: 15/31 MP: 0/10
  2855 | D:3      | Found a shimmering altar of Xom.
  3408 | D:3      | Found a sparkling altar of Nemelex Xobeh.
  3499 | D:3      | Found a deep blue altar of Sif Muna.
  3613 | D:3      | Found a faded altar of an unknown god.
  3690 | D:3      | Became a worshipper of Sif Muna the Loreminder
  3837 | D:4      | Reached skill level 1 in Air Magic
  3837 | D:4      | Reached skill level 1 in Poison Magic
  3837 | D:4      | Reached XP level 6. HP: 36/36 MP: 7/12
  3860 | D:4      | Noticed Duvessa
  3923 | D:4      | Learned a level 2 spell: Call Imp
  3930 | D:4      | Noticed Menkaure
  3962 | D:4      | Killed Menkaure
  3962 | D:4      | Reached skill level 1 in Fighting
  4274 | D:4      | Reached skill level 1 in Fire Magic
  4568 | D:4      | Found a glowing silver altar of Zin.
  4951 | D:4      | Reached XP level 7. HP: 45/45 MP: 8/13
  5105 | D:4      | Killed Duvessa
  5237 | D:4      | Noticed Dowan
  5512 | D:4      | Killed Dowan
  6019 | D:4      | Reached skill level 5 in Spellcasting
  6145 | D:4      | Reached * piety under Sif Muna
  6145 | D:4      | Reached XP level 8. HP: 54/54 MP: 7/15
  6573 | D:4      | Found a basalt altar of Yredelemnul.
  6639 | D:5      | Entered Level 5 of the Dungeon
  6641 | D:5      | Found a stormy altar of Qazlal.
  6924 | D:5      | Noticed Grinder
  6946 | D:5      | Paralysed by Grinder for 3 turns
  7581 | D:5      | Found a staircase to the Ecumenical Temple.
  7607 | D:5      | Noticed a water elemental
  7608 | D:5      | Noticed an air elemental
  7656 | D:5      | Reached skill level 5 in Conjurations
  7877 | D:5      | Reached skill level 1 in Invocations
  7976 | D:5      | Gained mutation: Your spells are a little harder to cast, but a little more powerful. [mutagenic meat]
  7977 | D:5      | Gained mutation: You are weak. (Str -2) [mutagenic meat]
  7978 | D:5      | Gained mutation: Scrolls take you a little longer to read. [mutagenic meat]
  7979 | D:5      | Lost mutation: You are weak. (Str -2) [mutagenic meat]
  7980 | D:5      | Gained mutation: You are clumsy. (Dex -2) [mutagenic meat]
  8011 | D:5      | Found an ancient bone altar of Kikubaaqudgha.
  8093 | D:5      | Paralysed by Grinder for 7 turns
  8104 | D:5      | Killed Grinder
  8104 | D:5      | Reached ** piety under Sif Muna
  8259 | D:5      | Found a hide-covered altar of Uskayaw.
  8488 | D:5      | Found a runed door.
  8731 | D:5      | Noticed Crazy Yiuf
  8740 | D:5      | Killed Crazy Yiuf
  8885 | D:6      | Found a glowing drain.
  8891 | D:6      | Reached skill level 5 in Poison Magic
  8962 | Sewer    | Entered a sewer
  9099 | Sewer    | Reached skill level 5 in Fighting
  9227 | Sewer    | Reached XP level 9. HP: 61/61 MP: 11/17
 10759 | D:6      | Found a snail-covered altar of Cheibriados.
 11780 | D:7      | Reached *** piety under Sif Muna
 11791 | D:7      | Slain by a wyvern zombie

Vault maps used:
D:1:      zelgadis_glass_arrival_small
D:2:      kennysheep_generic_room_15
D:3:      lemuel_blue_sif_altar, nemelex_xobeh_ov_fountains_minmay, first_bread,
          chequers_ecumenical_altar_grove, lemuel_tele_altar
D:4:      marbit_many_paths, zin_academy, minmay_misc_feat_roman, uniq_duvessa,
          uniq_menkaure
D:5:      kennysheep_vampire_church, nicolae_qazlal_style_of_elements,
          minmay_temple_entry_butterflies, basic_altar, uniq_crazy_yiuf_cottage,
          uniq_grinder
D:6:      slow_altar_2, portal_sewer_entry_f
D:7:      overflow_temple_1_default
Sewer:    sewer_sea

Skill      XL: |  1  2  3  4  5  6  7  8  9 |
---------------+----------------------------+-----
Conjurations   | 2 3 4 5 6 |  6.1
Spellcasting   | 4 5 6 |  6.7
Air Magic      | 1 |  1.0
Poison Magic   | 1 2 5 |  5.5
Fighting       | 2 4 5 |  5.3
Fire Magic     | 1 2 |  2.6
Invocations    | 1 |  1.3
Dodging        | |  2.1
Stealth        | |  2.6
Summonings     | |  1.0
Translocations | |  1.0

Action                   |  1- 3 |  4- 6 |  7- 9 || total
-------------------------+-------+-------+-------++-------
Melee: Unarmed           |     3 |       |       ||     3
       Whip              |    13 |     2 |    16 ||    31
       Constrict         |     2 |     1 |     6 ||     9
       Tentacles         |     1 |     1 |     5 ||     7
       Quarterstaff      |       |       |     6 ||     6
 Cast: Magic Dart        |    80 |   102 |   367 ||   549
       Conjure Flame     |       |     3 |    13 ||    16
       Mephitic Cloud    |       |     6 |    28 ||    34
       Call Imp          |       |    12 |    13 ||    25
       Blink             |       |       |     4 ||     4
  Use: Potion            |     1 |       |     1 ||     2
       Scroll            |       |     2 |     3 ||     5
  Eat: Chunk             |     2 |    10 |    22 ||    34
       Royal jelly       |       |       |     2 ||     2
       Fruit             |       |       |     1 ||     1
Armor: Skin              |       |     2 |    12 ||    14
Dodge: Dodged            |    25 |     4 |    93 ||   122
       Rpst.: Falchion   |       |       |     3 ||     3
